Map: Submarine LE

Players

Cham

  • Race: Zerg Zerg
  • League: Grandmaster
  • Spawn Location: 5:00

Kelazhur - Winner!

  • Race: Terran Terran
  • League: Master
  • Spawn Location: 11:00

Event: DreamHack SC2 Masters 2020 Summer Latin America

VOD

Have the link to the VOD?

Description

Time

  • Played on: June 26, 2020, 4:01 p.m.
  • Length: 16:57

All games in this series

Show
View Real Time Build Order
Export as new Build Order

Cham Zerg 

Build Orders: Hatch First, Brood Lord Corruptor 

Get SALT Encoding   

  12  0:00  Drone  
  13  0:08  Drone  
  14  0:16  Overlord  
  14  0:34  Drone  
  14  0:35  Drone  
  16  0:47  Hatchery  
  15  0:51  Drone  
  15  0:55  Drone  
  17  0:58  Drone  
  18  1:09  Extractor  
  17  1:13  Spawning Pool  
  17  1:17  Drone  
  17  1:20  Drone  
  18  1:29  Drone  
  19  1:43  Drone  
  20  1:53  Overlord  
  20  1:59  Queen  
  20  2:01  Queen  
  22  2:04  Zergling x4  
  26  2:10  Drone  
  26  2:11  Drone  
  26  2:14  Metabolic Boost  
  28  2:21  Drone  
  29  2:34  Hatchery  
  27  2:47  Drone x4  
  27  2:48  Drone  
  32  2:54  Queen  
  32  2:57  Drone  
  35  3:00  Overlord  
  35  3:07  Overlord  
  36  3:20  Drone x3  
  36  3:25  Drone x2  
  36  3:26  Drone  
  41  3:28  Roach Warren  
  41  3:29  Drone, Extractor  
  41  3:30  Drone  
  41  3:40  Overlord  
  41  3:42  Zergling x2  
  42  3:51  Drone  
  42  3:52  Overlord  
  43  4:03  Overlord  
  43  4:09  Roach x8  
  59  4:12  Roach  
  59  4:16  Roach  
  63  4:21  Roach  
  63  4:23  Overlord  
  67  4:24  Roach  
  67  4:29  Overlord  
  67  4:33  Zergling x6  
  67  4:37  Zergling x2  
  71  4:41  Zergling x4  
  73  4:46  Zergling x4  
  73  4:47  Zergling x4  
  76  4:53  Zergling x2, Ravager  
  76  4:54  Zergling x4  
  76  4:57  Drone  
  76  4:59  Drone  
  79  5:02  Drone  
  79  5:06  Drone  
  80  5:11  Lair  
  80  5:12  Drone x2  
  78  5:18  Drone x3  
  78  5:19  Drone  
  70  5:23  Drone x3  
  70  5:27  Drone x2  
  62  5:30  Drone  
  62  5:34  Roach x3  
  63  5:37  Spore Crawler  
  63  5:38  Spore Crawler  
  63  5:40  Spore Crawler  
  60  5:44  Spore Crawler, Roach  
  60  5:47  Roach  
  60  5:49  Roach  
  65  5:51  Roach  
  65  5:53  Roach  
  65  5:54  Roach  
  71  6:02  Drone x2  
  71  6:03  Drone x3  
  71  6:05  Drone  
  71  6:09  Roach  
  71  6:10  Drone  
  67  6:12  Drone  
  67  6:13  Drone  
  69  6:20  Overseer  
  69  6:22  Drone x4  
  73  6:27  Ravager  
  73  6:28  Evolution Chamber  
  73  6:30  Evolution Chamber  
  73  6:31  Drone x3  
  74  6:33  Drone  
  74  6:38  Drone x2  
  76  6:42  Overlord  
  76  6:44  Drone  
  76  6:46  Drone  
  78  6:55  Extractor x2  
  78  6:59  Drone x3  
  78  7:01  Queen x3  
  81  7:05  Extractor  
  81  7:06  Extractor  
  81  7:07  Zerg Missile Weapons Level 1, Zerg Ground Armor Level 1  
  83  7:08  Drone  
  83  7:09  Drone x2  
  83  7:11  Drone  
  83  7:13  Drone  
  88  7:16  Drone x2  
  88  7:17  Drone  
  91  7:23  Overlord  
  91  7:24  Overlord  
  91  7:28  Drone  
  91  7:29  Drone  
  93  7:32  Overlord  
  93  7:44  Hatchery, Overlord  
  92  7:45  Overlord  
  92  7:48  Infestation Pit, Drone  
  92  7:52  Glial Reconstitution  
  92  7:55  Roach x3  
  98  8:00  Roach x3  
  104  8:09  Drone  
  104  8:12  Roach x6  
  117  8:15  Overlord  
  117  8:17  Hatchery  
  117  8:19  Ravager  
  119  8:20  Ravager x4  
  121  8:29  Roach x3  
  121  8:33  Drone x4  
  131  8:43  Overlord  
  131  8:45  Roach x2  
  131  8:46  Roach x2  
  135  8:49  Overlord  
  135  8:52  Overlord  
  135  8:55  Hive  
  135  8:56  Burrow  
  135  8:58  Overlord, Extractor  
  135  9:00  Extractor  
  133  9:03  Ravager  
  133  9:04  Infestor x2  
  133  9:08  Roach x2  
  142  9:11  Overlord, Tunneling Claws  
  142  9:14  Roach x2  
  146  9:19  Roach x2  
  150  9:27  Zerg Ground Armor Level 2  
  150  9:31  Zerg Missile Weapons Level 2  
  150  9:36  Roach x4  
  158  9:43  Roach x3  
  164  9:46  Roach x2  
  164  9:56  Roach x3  
  164  9:59  Roach x3  
  154  10:04  Roach x3  
  133  10:10  Roach x4  
  132  10:17  Queen x2  
  127  10:23  Drone x3  
  127  10:24  Drone  
  131  10:29  Roach x5  
  131  10:30  Roach x10  
  131  10:31  Roach  
  143  10:44  Drone  
  143  10:45  Infestor x2  
  143  10:47  Spire  
  143  10:48  Roach x3  
  153  10:56  Roach x4  
  153  10:59  Roach  
  153  11:01  Roach  
  155  11:08  Spore Crawler  
  155  11:09  Roach x5  
  154  11:15  Ravager  
  154  11:17  Ravager  
  156  11:26  Roach x6  
  164  11:46  Overlord  
  158  11:52  Zerg Ground Armor Level 3, Zerg Missile Weapons Level 3  
  158  11:54  Ravager  
  158  11:56  Roach  
  158  11:57  Roach x4  
  169  12:05  Roach x5  
  169  12:19  Roach x13  
  139  12:23  Roach x12  
  139  12:24  Roach x7  
  167  12:35  Drone x2  
  167  12:41  Greater Spire  
  167  12:43  Corruptor  
  167  12:44  Corruptor x3  
  167  12:46  Corruptor  
  177  12:53  Corruptor  
  177  12:54  Corruptor  
  183  13:05  Roach  
  183  13:06  Roach x4  
  183  13:07  Overlord  
  183  13:08  Roach x39  
  183  13:09  Overlord x2  
  191  13:16  Overlord  
  191  13:18  Overlord  
  191  13:21  Roach  
  191  13:25  Overlord x2  
  191  13:33  Corruptor x3  
  197  13:48  Roach  
  185  14:18  Brood Lord x2  
  185  14:19  Brood Lord x6  
  183  14:27  Brood Lord x2  
  183  14:28  Corruptor x3  
  183  14:29  Roach x31  
  183  14:31  Overseer, Corruptor  
  191  14:37  Corruptor  
  195  14:41  Roach x2  
  198  14:54  Roach  
  191  15:07  Roach x2  
  191  15:08  Roach x3  
  191  15:14  Roach x4  
  193  15:18  Roach  
  183  15:28  Roach x3  
  183  15:30  Roach  
  183  15:35  Roach  
  183  15:48  Roach  
  166  15:50  Roach  
  166  15:52  Roach x4  
  164  16:00  Hatchery, Roach  
  164  16:03  Roach x2  
  155  16:10  Roach  
  109  16:20  Roach x3  
  109  16:24  Roach x2  
  115  16:27  Roach  
  115  16:28  Roach x2  
  115  16:31  Roach x3  
  115  16:33  Roach x12  
  115  16:34  Ravager x8  
  115  16:35  Roach  
Show
View Real Time Build Order
Export as new Build Order

Kelazhur Terran - Winner!

Build Orders: Reaper Expand, Hellion Banshee 

Get SALT Encoding   

  12  0:00  SCV  
  13  0:13  SCV  
  14  0:17  Supply Depot  
  14  0:25  SCV  
  15  0:38  SCV  
  15  0:40  Barracks  
  16  0:43  Refinery  
  16  0:50  SCV  
  17  1:02  SCV  
  18  1:15  SCV  
  19  1:27  Reaper, Orbital Command  
  20  1:37  Command Center  
  20  1:45  Supply Depot  
  20  1:52  SCV  
  21  1:58  Marine  
  22  2:03  Factory  
  22  2:05  SCV  
  23  2:11  Refinery  
  23  2:17  SCV  
  23  2:20  Barracks Reactor  
  24  2:29  SCV  
  25  2:43  SCV  
  26  2:50  Orbital Command  
  26  2:52  Starport  
  26  2:55  SCV  
  27  3:00  Hellion x2  
  31  3:07  Barracks Tech Lab  
  31  3:08  SCV  
  31  3:12  Supply Depot  
  32  3:17  SCV  
  33  3:20  SCV  
  33  3:21  Hellion x2  
  38  3:31  SCV  
  38  3:32  SCV  
  40  3:35  Cloaking Field, Banshee  
  43  3:44  Hellion x2  
  43  3:45  SCV x2  
  49  3:49  Supply Depot  
  49  3:57  SCV x2  
  51  4:07  Command Center  
  51  4:09  SCV x2  
  53  4:18  Banshee  
  53  4:20  Hellion x2  
  60  4:24  Supply Depot  
  60  4:26  SCV  
  60  4:27  SCV  
  62  4:32  Barracks Tech Lab  
  62  4:39  SCV  
  62  4:44  Bunker  
  62  4:46  SCV  
  62  4:49  Supply Depot, Hellion  
  62  4:50  Hellion  
  62  4:52  SCV  
  68  4:56  Supply Depot  
  68  4:58  SCV  
  69  5:03  Banshee  
  70  5:08  SCV  
  70  5:10  SCV  
  68  5:14  Marauder  
  68  5:20  SCV  
  64  5:23  SCV, Orbital Command  
  61  5:32  SCV  
  61  5:35  SCV, Marine  
  63  5:36  Stimpack  
  63  5:41  Factory Reactor  
  64  5:44  SCV  
  64  5:45  Supply Depot  
  64  5:47  SCV, Barracks x2  
  66  5:52  SCV  
  66  5:56  SCV  
  68  5:59  SCV  
  68  6:01  Starport Reactor  
  67  6:04  SCV  
  67  6:05  Marine  
  67  6:09  SCV  
  67  6:11  SCV  
  59  6:13  Refinery  
  59  6:14  Engineering Bay  
  59  6:15  Engineering Bay  
  59  6:16  SCV  
  60  6:21  SCV  
  60  6:22  Marine  
  60  6:23  SCV  
  63  6:26  Supply Depot, Refinery  
  63  6:28  SCV  
  64  6:33  SCV  
  64  6:35  SCV, Barracks  
  64  6:38  Barracks  
  66  6:40  Orbital Command  
  66  6:41  Terran Infantry Weapons Level 1, Terran Infantry Armor Level 1  
  66  6:43  Marine x2  
  66  6:44  Siege Tank  
  66  6:46  SCV  
  73  6:49  Medivac x2  
  73  6:50  Marine  
  73  6:51  Marine  
  73  6:52  Marine  
  73  6:53  SCV  
  80  6:58  SCV  
  80  7:00  Marine  
  82  7:06  SCV  
  83  7:08  Marine x2  
  83  7:11  SCV x2  
  83  7:12  Armory  
  87  7:17  Supply Depot  
  87  7:18  Supply Depot  
  87  7:23  Marine x3  
  87  7:25  Combat Shield  
  87  7:26  Barracks Reactor  
  87  7:27  Barracks Reactor  
  87  7:28  SCV x3  
  93  7:35  Medivac x2, Marine  
  93  7:36  Marine  
  102  7:37  Siege Tank  
  102  7:40  SCV  
  102  7:41  Marine x2  
  105  7:45  SCV  
  105  7:46  SCV  
  105  7:48  Marine  
  105  7:51  Supply Depot  
  108  7:54  Marine x2  
  108  7:58  SCV  
  111  7:59  SCV, Marine x2  
  111  8:00  SCV  
  111  8:04  Marine x3  
  111  8:05  Marine x2  
  119  8:11  Medivac x2  
  119  8:12  Marine, Siege Tank  
  129  8:15  Refinery  
  129  8:19  Supply Depot x2  
  128  8:20  Marine x2  
  128  8:22  Marauder, Marine  
  133  8:35  Terran Infantry Weapons Level 2  
  133  8:36  Supply Depot  
  133  8:37  Supply Depot  
  133  8:40  Marine x8  
  140  8:50  Marauder, Missile Turret  
  140  8:53  Medivac  
  140  8:54  Medivac  
  146  8:59  Refinery  
  146  9:00  Terran Infantry Armor Level 2, Command Center  
  146  9:06  Marine  
  146  9:07  Marine  
  148  9:11  Marauder  
  148  9:12  Marine  
  148  9:13  Marine x4  
  148  9:16  Supply Depot  
  155  9:19  Terran Vehicle Weapons Level 1  
  155  9:31  Marine x3  
  155  9:32  Marauder  
  155  9:33  Medivac x2  
  164  9:43  Marine, Siege Tank  
  163  9:48  Supply Depot  
  163  9:49  SCV x2, Supply Depot  
  159  9:54  Marauder  
  159  9:56  Marine  
  159  9:57  Marine  
  127  10:07  Marine  
  127  10:10  Marine x5  
  127  10:12  Medivac x2  
  124  10:14  Marine x2  
  124  10:15  Marauder  
  124  10:18  Siege Tank  
  122  10:25  SCV, Marine  
  122  10:27  Barracks x2  
  122  10:28  Marine  
  125  10:31  Marine x4  
  125  10:32  Marine  
  125  10:33  SCV x2  
  132  10:37  Marauder  
  132  10:42  Liberator x2  
  140  10:47  SCV x2  
  140  10:49  Marine  
  143  10:51  Marine  
  143  10:52  Marine x2  
  143  10:56  Concussive Shells, Marine  
  141  10:57  Siege Tank  
  141  10:59  Marauder  
  141  11:02  Marine x2  
  141  11:03  Marine  
  149  11:04  SCV x2  
  149  11:06  Planetary Fortress  
  149  11:07  Marine  
  149  11:10  Terran Infantry Weapons Level 3  
  152  11:18  Marine, Barracks Tech Lab  
  152  11:19  Marine x3, Barracks Tech Lab  
  152  11:20  Marine  
  152  11:22  Marine  
  152  11:24  Marine x3  
  161  11:38  Marauder  
  161  11:39  Marine  
  167  11:40  Marauder x2, Marine x3  
  167  11:47  Marine  
  171  11:54  Marine  
  172  11:55  Marine x2  
  172  11:56  Terran Infantry Armor Level 3  
  172  11:58  Marine  
  172  11:59  Marauder  
  172  12:00  Medivac x2, Command Center  
  186  12:01  Marauder x2  
  186  12:02  Barracks  
  166  12:15  Marine  
  166  12:16  Marine x7  
  166  12:17  Siege Tank  
  166  12:21  Marauder  
  161  12:23  Marauder x2  
  149  12:30  Medivac x2  
  149  12:33  Marine  
  149  12:34  Marine x5  
  156  12:42  Marauder, Marine  
  163  12:44  Marauder x2  
  163  12:47  Marine  
  163  12:49  Siege Tank  
  163  12:50  Marine  
  168  12:51  Marine  
  169  13:00  Medivac x2  
  169  13:04  Marauder, Starport  
  169  13:05  Marauder, Marine  
  177  13:06  Starport  
  177  13:10  Marine x7  
  177  13:11  Marauder, Marine  
  187  13:24  Marine  
  187  13:25  Marauder  
  192  13:27  Marauder  
  192  13:28  Marine x3, Siege Tank  
  198  13:40  Marauder  
  200  13:50  Starport Tech Lab x2  
  200  13:53  Terran Ship Weapons Level 1, Fusion Core  
  200  13:55  Armory  
  200  13:56  Planetary Fortress, Refinery  
  200  14:21  Marine  
  200  14:22  Marauder x2  
  198  14:26  Viking  
  198  14:27  Viking x2  
  200  14:35  Refinery  
  200  14:36  Refinery  
  198  15:04  Viking x4  
  177  15:14  Marauder  
  177  15:17  Marauder x2, Marine x9  
  165  15:34  Viking x3  
  165  15:35  Marauder, Marine x7  
  182  15:38  Marauder  
  182  15:39  Marauder  
  178  15:42  Marine  
  178  15:45  Marine  
  174  15:52  Marine  
  174  15:53  Marine x3  
  174  15:55  Marine  
  174  15:56  Marine x2  
  171  15:57  Marauder  
  171  15:58  Supply Depot  
  171  15:59  Marauder  
  171  16:00  Supply Depot, Marauder, Marine  
  171  16:01  Orbital Command  
  171  16:03  Marine  
  162  16:04  Viking  
  162  16:06  Viking  
  162  16:07  Viking  
  162  16:10  Marine x2  
  158  16:16  Marine  
  154  16:18  Marine x2  
  154  16:20  Marauder, Marine x3  
  154  16:21  Marine  
  154  16:22  Marauder  
  162  16:32  Marine  
  162  16:33  Command Center  
  162  16:38  Supply Depot x3  
Tags
 
Add a new tag
Caveats
  • Supply blocks, unpowered buildings, or Contaminate may cause inaccurate times.
  • Supply counts are checked every 10 seconds.